AoeStats
← O grande

Arabia

508231162Analyzed
1v1 RM · 9d ago on Sep 21, 2026· 33m 29s· 2 players
Game mode
Random Map
Map size
Tiny (2 player)
Population
200
Speed
Normal
Resources
Standard
Victory
Conquest
Starting age
Dark Age
Ending age
Imperial Age
RankedLock teamsTeams togetherTeam positionsShared explorationLock speedFull tech treeHidden civsTurbo modeCheats
Victory
Defeat
🇧🇷 Chinese · Brazil
2065
+12
🇵🇪 Huns · Peru
1984
-12
LvSP | Réyiman
5:30 Loom
8:55 Feudal Age
9:33 Double-Bit Axe
14:00 Horse Collar
16:19 Scale Barding Armor
17:14 Bloodlines
21:17 Castle Age
19:56 Forging
19:38 Gold Mining
21:20 Light Cavalry
22:21 Chain Barding Armor
22:14 Bow Saw
23:10 Husbandry
25:09 Town Watch
25:39 Fletching
26:50 Wheelbarrow
27:18 Bodkin Arrow
29:11 Heavy Plow
29:47 Gold Shaft Mining
29:30 Stone Mining
30:36 Ballistics
31:16 Hand Cart
31:08 Padded Archer Armor
31:15 Thumb Ring
32:30 Leather Archer Armor
O grande
0:25 Loom
9:01 Feudal Age
9:34 Double-Bit Axe
20:00 Castle Age
18:49 Horse Collar
18:59 Gold Mining
19:27 Fletching
20:03 Crossbowman
20:38 Bodkin Arrow
21:23 Bow Saw
24:48 Scale Mail Armor
24:51 Squires
27:03 Wheelbarrow
26:14 Town Watch
27:07 Chain Mail Armor
27:49 Forging
30:02 Hand Cart
29:50 Elite Skirmisher
30:32 Padded Archer Armor
32:52 Ballistics
32:52 Leather Archer Armor
Connection lost

Rejoining the realm…

Still unreachable

The connection could not be restored.

Session expired

The server has moved on; the page needs a fresh start.